[Event "Team 45 45 League T48"]
[Site "Internet Chess Club"]
[Date "2011.02.11"]
[Round "1"]
[White "Kolibri"]
[Black "bobhill"]
[Result "1-0"]
[WhiteElo "2053"]
[BlackElo "1997"]
[Opening "Sicilian: Canal-Sokolsky (Nimzovich-Rossolimo, Moscow) attack"]
[ECO "B51"]
[Time "13:05:50"]
[TimeControl "2700+45"]

1. e4 c5 2. Nf3 d6 3. Bb5+ Nc6 4. c3 a6 5. Bxc6+ bxc6 6. O-O g6 7. d4 cxd4 8.
cxd4 Bg7 9. Nc3 Nf6 10. Qe2 O-O 11. e5 Nd5 12. Qc4 Bb7 13. Rd1 Nxc3 14. Qxc3
dxe5 15. Qb3 e4 16. Ng5 Rb8 17. Bf4 Qd5 18. Bxb8 Rxb8 19. Qxd5 cxd5 20. Rac1 Bh6
21. Nh3 Bxc1 22. Rxc1 Rc8 23. Rxc8+ Bxc8 24. Nf4 e6 25. Kf1 Kf8 26. Ke1 Ke7 27.
Kd2 Kd6 28. Kc3 a5 29. g3 Kc6 30. Ng2 f6 31. Ne3 e5 32. Nc2 Ba6 33. Ne3 Be2 34.
Nc2 Bc4 35. b3 Be2 36. Ne3 h5 37. h4 Bd3 38. Ng2 Kd6 39. Ne1 Bf1 40. Nc2 f5 41.
Ne3 Bh3 42. a3 f4 43. Nc2 Bf1 44. Kd2 Ke6 45. dxe5 Kxe5 46. gxf4+ Kxf4 47. Ne3
Bd3 48. Nxd5+ Kg4 49. Ke3 Kxh4 50. Nf4 g5 51. Nxd3 exd3 52. b4 axb4 53. axb4 Kg4
54. b5 h4 55. b6 h3 56. b7 h2 57. b8=Q h1=Q 58. Qc8+ Kh4 59. Qh8+ {Black
resigns} 1-0

[Event "Team 45 45 League T48"]
[Site "Internet Chess Club"]
[Date "2011.02.16"]
[Round "1"]
[White "chess9793"]
[Black "NFork"]
[Result "0-1"]
[WhiteElo "2098"]
[BlackElo "2360"]
[Opening "Caro-Kann: Tartakower (fantasy) variation"]
[ECO "B12"]
[Time "23:43:47"]
[TimeControl "2700+45"]

1. e4 c6 2. d4 d5 3. f3 e6 4. Nc3 Bb4 5. Bf4 Ne7 6. Qd3 b6 7. Ne2 Ba6 8. Qe3 O-O
9. O-O-O c5 10. h4 Nbc6 11. exd5 exd5 12. dxc5 bxc5 13. Bg5 d4 14. Qe4 h6 15.
Bxe7 Nxe7 16. Nxd4 Bxc3 17. bxc3 Qa5 18. Bxa6 Qa3+ 19. Kd2 cxd4 20. cxd4 Qxa6
21. Qxe7 Rfe8 22. Qb4 Rab8 23. Qc3 Re2+ 24. Kc1 Qxa2 {White resigns} 0-1

[Event "Team 45 45 League T48"]
[Site "Internet Chess Club"]
[Date "2011.02.13"]
[Round "1"]
[White "QueensCounselor"]
[Black "Merciful"]
[Result "1-0"]
[WhiteElo "2157"]
[BlackElo "2034"]
[Opening "Caro-Kann: exchange variation"]
[ECO "B13"]
[Time "14:00:56"]
[TimeControl "2700+45"]

1. e4 c6 2. d4 d5 3. exd5 cxd5 4. Bd3 Nc6 5. c3 Qc7 6. Ne2 Bg4 7. f3 Bh5 8. Bf4
Qd7 9. O-O e6 10. Na3 Bg6 11. Nc2 Nf6 12. Qd2 Bxd3 13. Qxd3 Bd6 14. Bxd6 Qxd6
15. Ng3 g6 16. Rae1 O-O 17. Qe3 Kg7 18. f4 Ne7 19. Qe5 Qxe5 20. fxe5 Nd7 21. Rf2
b5 22. Ref1 a5 23. Ne2 Nc6 24. g4 f6 25. Nf4 Rae8 26. exf6+ Rxf6 27. g5 Rf5 28.
h4 e5 29. Nxd5 Rxf2 30. Rxf2 exd4 31. Nxd4 Nxd4 32. cxd4 Re4 33. Nf4 Nb6 34. d5
Nc4 35. Ne6+ {Black resigns} 1-0

[Event "Team 45 45 League T48"]
[Site "Internet Chess Club"]
[Date "2011.02.12"]
[Round "1"]
[White "MusiqueWand"]
[Black "easycure"]
[Result "1-0"]
[WhiteElo "2344"]
[BlackElo "2314"]
[Opening "QGD Slav: 4.e3"]
[ECO "D11"]
[Time "11:00:40"]
[TimeControl "2700+45"]

1. d4 d5 2. c4 c6 3. Nf3 Nf6 4. e3 e6 5. b3 Nbd7 6. Bb2 Bd6 7. Nbd2 O-O 8. Bd3
b6 9. O-O Bb7 10. Ne5 Qe7 11. Qf3 Ba3 12. Bxa3 Qxa3 13. Qh3 h6 14. f4 Qd6 15. g4
Qb4 16. Ndf3 Nxe5 17. Nxe5 dxc4 18. bxc4 Nh7 19. g5 Qe7 20. gxh6 g6 21. Qg3 Rad8
22. Bxg6 fxg6 23. Nxg6 Qf6 24. Ne5+ Kh8 25. f5 exf5 26. Rxf5 Qxh6 27. Raf1 Qe6
28. Rxf8+ Rxf8 29. Ng6+ Qxg6 30. Qxg6 Rg8 31. Qxg8+ Kxg8 32. h4 Ba6 33. Rc1 Nf6
34. Kf2 Ne4+ 35. Kf3 Nd2+ 36. Kf4 Nxc4 37. e4 b5 38. Rg1+ Kh7 39. e5 Bc8 40. h5
a5 41. Rg6 Bd7 42. Rf6 Be8 43. Kg5 c5 44. dxc5 Nxe5 45. Re6 Nf3+ 46. Kf4 Bxh5
47. c6 {Black resigns} 1-0

[Event "Team 45 45 League T48"]
[Site "Internet Chess Club"]
[Date "2011.02.13"]
[Round "1"]
[White "technika"]
[Black "Oblio"]
[Result "0-1"]
[WhiteElo "2134"]
[BlackElo "2339"]
[Opening "Sicilian: closed"]
[ECO "B23"]
[Time "13:31:28"]
[TimeControl "2700+45"]

1. e4 c5 2. Nc3 d6 3. f4 g6 4. Nf3 Bg7 5. Bc4 Nc6 6. O-O e6 7. d3 Nge7 8. Qe1
O-O 9. f5 gxf5 10. Qg3 fxe4 11. dxe4 Ng6 12. Bg5 f6 13. Be3 Nce5 14. Nxe5 Nxe5
15. Be2 a6 16. Bh5 Qe7 17. Bh6 b5 18. Rad1 Ra7 19. Bxg7 Qxg7 20. Qxg7+ Rxg7 21.
Rxd6 Nc4 22. Rc6 Rg5 23. g4 Nxb2 24. h4 Re5 25. g5 b4 26. Nd1 Nxd1 27. Bxd1 Bb7
28. Rb6 Bxe4 29. gxf6 Bf5 30. Rxa6 Rxf6 31. Ra8+ Kg7 32. Kh2 Re3 33. Rf4 Rh3+
34. Kg2 Rg6+ 35. Kf2 Rh2+ 36. Kf3 Rd2 37. Be2 Rxc2 38. Ra7+ Kf6 39. Rxh7 Rxa2
40. Rb7 Ke5 41. Rc4 Ra3+ 42. Kf2 Be4 {White resigns} 0-1

[Event "Team 45 45 League T48"]
[Site "Internet Chess Club"]
[Date "2011.02.13"]
[Round "1"]
[White "BlazekaMatej"]
[Black "noHz"]
[Result "1-0"]
[WhiteElo "2147"]
[BlackElo "2078"]
[Opening "French: Tarrasch, closed variation"]
[ECO "C05"]
[Time "12:13:23"]
[TimeControl "2700+45"]

1. e4 e6 2. d4 d5 3. Nd2 Nf6 4. Bd3 c5 5. exd5 exd5 6. dxc5 Bxc5 7. Ngf3 O-O 8.
O-O Bg4 9. Nb3 Bd6 10. Nbd4 Nc6 11. c3 Nxd4 12. cxd4 h6 13. h3 Be6 14. Qb3 Rb8
15. Ne5 Bxe5 16. dxe5 Nd7 17. f4 Nc5 18. Qa3 Nxd3 19. Qxd3 Qb6+ 20. Be3 Qa5 21.
f5 Bd7 22. Rf3 Rfe8 23. Bd4 Rbc8 24. e6 fxe6 25. f6 Rf8 26. Qg6 Rf7 27. Rg3 Qd2
28. Be3 Qc2 29. Bxh6 Qxg6 30. Rxg6 Kh7 31. Rxg7+ Rxg7 32. Bxg7 e5 33. g4 Kg6 34.
Kf2 Rc2+ 35. Kg3 Rxb2 36. Rf1 Be6 37. f7 Bxf7 38. Bxe5 Rxa2 39. Rf6+ Kg7 40.
Rf2+ {Black resigns} 1-0

[Event "Team 45 45 League T48"]
[Site "Internet Chess Club"]
[Date "2011.02.13"]
[Round "1"]
[White "theophilus"]
[Black "vnchess"]
[Result "0-1"]
[WhiteElo "2215"]
[BlackElo "2217"]
[Opening "King's Indian: Petrosian system, Stein variation"]
[ECO "E92"]
[Time "12:12:14"]
[TimeControl "2700+45"]

1. d4 Nf6 2. c4 g6 3. Nc3 Bg7 4. e4 d6 5. Nf3 O-O 6. Be2 e5 7. d5 a5 8. Bg5 h6
9. Bh4 Na6 10. Nd2 Qe8 11. a3 Bd7 12. b3 Nh7 13. f3 f5 14. O-O g5 15. Bf2 f4 16.
Rb1 Qg6 17. b4 axb4 18. axb4 h5 19. h3 Nf6 20. c5 g4 21. fxg4 hxg4 22. hxg4 Nxg4
23. c6 Nxf2 24. Rxf2 bxc6 25. dxc6 Be6 26. Qf1 Nb8 27. b5 Ra3 28. Rc1 f3 29.
Rxf3 Rxf3 30. Qxf3 Bh6 31. Rd1 Kg7 32. Ndb1 Rb3 33. Qh5 Be3+ 34. Kh1 Qxh5+ 35.
Bxh5 Bd4 36. Nd5 Bxd5 37. exd5 Rxb5 38. Bf3 Na6 39. Nd2 Nc5 40. Nc4 Rb8 41. g3
Kf6 42. Rf1 Kg5 43. Rd1 Kf6 44. Rf1 Kg5 45. Rd1 Na4 46. Rf1 Nc3 47. Nd2 Rb2 48.
Nc4 Rb4 49. Nd2 Be3 50. Ra1 Bxd2 51. Ra7 e4 52. Bg2 Nxd5 53. Kh2 Be3 54. Ra5 Bc5
55. Ra1 Ne7 56. Re1 d5 57. Rd1 Rb2 58. Kh3 Bd6 {White resigns} 0-1

[Event "Team 45 45 League T48"]
[Site "Internet Chess Club"]
[Date "2011.02.13"]
[Round "1"]
[White "eurander"]
[Black "cacheboy"]
[Result "0-1"]
[WhiteElo "2199"]
[BlackElo "2299"]
[Opening "Sicilian: Alapin's variation (2.c3)"]
[ECO "B22"]
[Time "14:31:37"]
[TimeControl "2700+45"]

1. e4 c5 2. c3 g6 3. d4 cxd4 4. cxd4 d5 5. exd5 Nf6 6. Qa4+ Nbd7 7. Nc3 Bg7 8.
d6 O-O 9. Bd3 Nb6 10. Qa3 Qxd6 11. Qxd6 exd6 12. Bf4 Nh5 13. Bxd6 Rd8 14. Bc7
Rxd4 15. O-O-O Nd5 16. Nge2 Nxc7 17. Nxd4 Bxd4 18. Bc4 Bxf2 19. Bxf7+ Kg7 20.
Bc4 Bg4 21. Be2 Be6 22. g3 Rf8 23. Kc2 Nf6 24. Rhf1 Nfd5 25. Kd2 Bh3 {White
resigns} 0-1

[Event "Team 45 45 League T48"]
[Site "Internet Chess Club"]
[Date "2011.02.13"]
[Round "1"]
[White "Pason"]
[Black "Matusalen"]
[Result "1/2-1/2"]
[WhiteElo "2064"]
[BlackElo "2128"]
[Opening "QGA: Mannheim variation"]
[ECO "D23"]
[Time "12:00:46"]
[TimeControl "2700+45"]

1. d4 d5 2. Nf3 Nf6 3. c4 dxc4 4. Qa4+ Nc6 5. Nc3 Nd5 6. Qxc4 Nb6 7. Qd3 e5 8.
dxe5 Qxd3 9. exd3 Nb4 10. Kd1 Bf5 11. Ne1 O-O-O 12. Bg5 Rd7 13. a3 Nc6 14. Nf3
Nc4 15. Kc2 N4xe5 16. Nxe5 Nxe5 17. Ne4 h6 18. Bf4 Nc6 19. Be3 Be7 20. Be2 Rhd8
21. Rad1 Nd4+ 22. Bxd4 Rxd4 23. Nc3 a6 24. Rhe1 {Game drawn by mutual agreement}
1/2-1/2

[Event "Team 45 45 League T48"]
[Site "Internet Chess Club"]
[Date "2011.02.13"]
[Round "1"]
[White "SlimeDog2"]
[Black "TerryMalloy"]
[Result "1/2-1/2"]
[WhiteElo "2049"]
[BlackElo "1838"]
[Opening "QGA: classical, 6...a6"]
[ECO "D27"]
[Time "21:03:25"]
[TimeControl "2700+45"]

1. d4 Nf6 2. Nf3 d5 3. c4 dxc4 4. e3 e6 5. Bxc4 c5 6. O-O a6 7. Bb3 Nc6 8. Nc3
Be7 9. d5 exd5 10. Nxd5 O-O 11. e4 Be6 12. Nxf6+ Bxf6 13. Bxe6 fxe6 14. Qc2 Qe7
15. Be3 b6 16. Rfd1 Rac8 17. Qc4 b5 18. Qxc5 Qxc5 19. Bxc5 Bxb2 20. Rab1 Rfd8
21. Kf1 Bf6 22. Ke2 Kf7 23. g4 Be7 24. Be3 g6 25. Ng5+ Bxg5 26. Bxg5 Rxd1 27.
Rxd1 Rc7 28. f4 Na5 29. Bd8 Rc2+ 30. Kd3 Rxa2 31. h4 Nc6 32. Bg5 Ra3+ 33. Ke2
Ra2+ 34. Ke3 Ra3+ 35. Ke2 Ra2+ 36. Ke3 Ra3+ 37. Ke2 {Game drawn by repetition}
1/2-1/2

[Event "Team 45 45 League T48"]
[Site "Internet Chess Club"]
[Date "2011.02.12"]
[Round "1"]
[White "onslaught"]
[Black "Uwak"]
[Result "1/2-1/2"]
[WhiteElo "2205"]
[BlackElo "2370"]
[Opening "Sicilian: dragon, Yugoslav attack, Rauser variation"]
[ECO "B76"]
[Time "10:31:04"]
[TimeControl "2700+45"]

1. e4 c5 2. Nf3 d6 3. d4 cxd4 4. Nxd4 Nf6 5. Nc3 g6 6. Be3 Bg7 7. f3 Nc6 8. Qd2
O-O 9. O-O-O Nxd4 10. Bxd4 Be6 11. Kb1 Qc7 12. h4 Rfc8 13. h5 Qa5 14. hxg6 hxg6
15. a3 Rab8 16. Bd3 b5 17. Qg5 d5 18. exd5 b4 19. Ne4 Qxd5 20. Nxf6+ exf6 21.
Qxd5 Bxd5 22. Bxa7 {Game drawn by mutual agreement} 1/2-1/2

[Event "Team 45 45 League T48"]
[Site "Internet Chess Club"]
[Date "2011.02.11"]
[Round "1"]
[White "DreadHead"]
[Black "Phosphorus"]
[Result "1-0"]
[WhiteElo "2189"]
[BlackElo "2116"]
[Opening "Dutch defense"]
[ECO "A90"]
[Time "13:03:31"]
[TimeControl "2700+45"]

1. d4 e6 2. c4 f5 3. g3 Nf6 4. Bg2 d5 5. Nf3 c6 6. O-O Bd6 7. b3 Qe7 8. Bb2 b6
9. Nbd2 Bb7 10. Ne5 O-O 11. Rc1 a5 12. e3 Na6 13. Qe2 Rac8 14. Rfd1 Nb4 15. a3
Na6 16. Nd3 Ne4 17. Nf4 Nc7 18. a4 Na6 19. Nxe4 fxe4 20. Bh3 Bxf4 21. exf4 Nb4
22. f3 c5 23. fxe4 dxe4 24. Bg2 Nd3 25. Rb1 Rcd8 26. Bxe4 Bxe4 27. Qxe4 {Black
resigns} 1-0

[Event "Team 45 45 League T48"]
[Site "Internet Chess Club"]
[Date "2011.02.10"]
[Round "1"]
[White "screamingeagle"]
[Black "parmupill"]
[Result "0-1"]
[WhiteElo "2034"]
[BlackElo "2154"]
[Opening "French: Winawer, advance, Bogolyubov variation"]
[ECO "C17"]
[Time "08:30:35"]
[TimeControl "2700+45"]

1. e4 e6 2. d4 d5 3. Nc3 Bb4 4. e5 c5 5. Bd2 Ne7 6. Nb5 Bxd2+ 7. Qxd2 O-O 8. f4
cxd4 9. Nxd4 Nbc6 10. Ngf3 Nf5 11. c3 Nfxd4 12. cxd4 Qa5 13. Be2 Bd7 14. b3
Qxd2+ 15. Kxd2 f6 16. g3 Be8 17. exf6 gxf6 18. Bb5 Ne7 19. Bxe8 Rfxe8 20. Rac1
Rac8 21. Kd3 Kf7 22. b4 h5 23. b5 Nf5 24. a4 Ke7 25. Rc5 b6 26. Rxc8 Rxc8 27.
Nd2 Kd7 28. Rb1 Rf8 29. Rc1 Rg8 30. Nf3 Nd6 31. Rc6 Rb8 32. Nd2 a6 33. a5 bxa5
34. Rxa6 Rxb5 35. Ra7+ Nb7 36. Ra8 Nd8 37. Ra7+ Kd6 38. Rh7 a4 39. Rxh5 a3 40.
Rh8 Nc6 41. Ra8 Na5 {White resigns} 0-1

[Event "Team 45 45 League T48"]
[Site "Internet Chess Club"]
[Date "2011.02.13"]
[Round "1"]
[White "ElCreyente"]
[Black "sibirica"]
[Result "1/2-1/2"]
[WhiteElo "2210"]
[BlackElo "2296"]
[Opening "Sicilian: accelerated fianchetto, Maróczy bind"]
[ECO "B36"]
[Time "15:30:31"]
[TimeControl "2700+45"]

1. e4 c5 2. Nf3 g6 3. d4 cxd4 4. Nxd4 Nc6 5. c4 Nf6 6. Nc3 d6 7. Be2 Nxd4 8.
Qxd4 Bg7 9. Bg5 O-O 10. Qd2 a5 11. O-O a4 12. Rac1 Be6 13. f3 Qb6+ 14. Kh1 Rfc8
15. Nd5 Bxd5 16. cxd5 Nd7 17. Rb1 Kf8 18. Be3 Nc5 19. Rfc1 Kg8 20. Rc4 Qd8 21.
Rb4 Qa5 22. Bf1 a3 23. b3 Bc3 24. Qxc3 Na6 25. Qxc8+ Rxc8 26. Rxb7 Rb8 27. Rxb8+
Nxb8 28. b4 Qa4 29. b5 f5 30. exf5 Qc2 31. Rc1 Qxa2 32. fxg6 hxg6 33. Rc8+ Kf7
34. Rxb8 Qb2 35. Ra8 a2 36. Bd4 Qxd4 37. Rxa2 Qxd5 38. Rb2 Qd1 39. Kg1 Qd4+ 40.
Rf2 d5 41. f4 Qe3 42. g3 d4 43. Kg2 Qb3 44. Rf3 Qb2+ 45. Rf2 Qb4 46. h4 {Game
drawn by mutual agreement} 1/2-1/2

[Event "Team 45 45 League T48"]
[Site "Internet Chess Club"]
[Date "2011.02.13"]
[Round "1"]
[White "chiiwen"]
[Black "PHILOCHESS"]
[Result "0-1"]
[WhiteElo "2192"]
[BlackElo "2088"]
[Opening "Caro-Kann: Edinburgh variation"]
[ECO "B12"]
[Time "22:00:12"]
[TimeControl "2700+45"]

1. e4 c6 2. d4 d5 3. Nd2 Qb6 4. c3 Nf6 5. e5 Nfd7 6. Bd3 e6 7. Ne2 Be7 8. O-O
O-O 9. Nf3 h6 10. Bd2 Qxb2 11. Rb1 Qa3 12. Nf4 c5 13. Rb3 Qa4 14. Bc2 Qa6 15.
Nh5 c4 16. Rb1 f5 17. exf6 Nxf6 18. Ne5 Nc6 19. Ng6 Rf7 20. Nxf6+ Bxf6 21. Qh5
Be7 22. Nh8 Rf6 23. Qe8+ Bf8 24. Ng6 Qa3 25. Bf4 Qxc3 26. Nxf8 Rxf8 27. Bh7+
Kxh7 28. Qxf8 Qxd4 29. Rfe1 Qf6 30. Qd6 Qd8 31. Qc5 Qh4 32. Bg3 Qd4 33. Qf8 Qf6
34. Qa3 a6 35. Re3 d4 36. Rf3 Qd8 37. Rf8 Qd5 38. Re8 d3 39. Bf4 Nd4 40. Bd2 b5
41. f3 Ne2+ 42. Kf2 Qd4+ 43. Be3 Qh4+ 44. Kf1 Qxh2 45. Re1 c3 46. Qf8 Ng3+ 47.
Kf2 Qh4 48. Qg8+ Kg6 49. Rxc8 Nf5+ 50. Kf1 Rxc8 51. Qxe6+ Qf6 52. Qxc8 d2 53.
Qe8+ Kh7 54. Bxd2 cxd2 55. Rd1 Qd4 56. Ke2 Ng3# {White checkmated} 0-1

[Event "Team 45 45 League T48"]
[Site "Internet Chess Club"]
[Date "2011.02.13"]
[Round "1"]
[White "MikeA"]
[Black "f5"]
[Result "1/2-1/2"]
[WhiteElo "2201"]
[BlackElo "2105"]
[Opening "Sicilian: Alapin's variation (2.c3)"]
[ECO "B22"]
[Time "20:00:23"]
[TimeControl "2700+45"]

1. e4 c5 2. c3 Nf6 3. e5 Nd5 4. d4 cxd4 5. Nf3 Nc6 6. cxd4 d6 7. Bc4 Nb6 8. Bb5
dxe5 9. Nxe5 Bd7 10. Nxd7 Qxd7 11. Nc3 e6 12. O-O Be7 13. Bxc6 bxc6 14. Qg4 Bf6
15. Rd1 g6 16. Qf3 Bg7 17. Bf4 O-O 18. Rac1 Nd5 19. Nxd5 exd5 20. Qc3 Rfe8 21.
Qxc6 Qxc6 22. Rxc6 Re2 23. g3 Rxb2 24. Ra6 h5 25. Ra5 Rc8 26. Rxa7 Rcc2 27. Be3
Rxa2 28. Rxa2 Rxa2 29. Rc1 Ra8 30. Rc5 Rd8 31. Rb5 Kf8 32. Kf1 Ke7 33. Ke2 f6
34. Kd3 g5 35. f4 gxf4 36. Bxf4 Ke6 37. Rb6+ Kf5 38. Rb7 Bf8 39. Rb5 Rd7 40. Ke3
Kg4 41. Rb2 Ba3 42. Rc2 Rb7 43. Rc6 Rb3+ 44. Ke2 Kf5 45. h4 Ke4 46. Rxf6 Rb2+
47. Bd2 Kxd4 48. Rf4+ Kc5 49. g4 hxg4 50. Rxg4 d4 51. Kd3 Rb3+ 52. Ke4 Rh3 53.
Bg5 Bb2 54. Rg2 Bc3 55. Rf2 Kc4 56. Rf3 Rh1 57. Rf7 Re1+ 58. Kf5 Rf1+ 59. Ke6
Rh1 60. Rc7+ Kd3 61. Kf5 Bd2 62. Bf6 Be3 63. Rg7 Bf2 64. Rg4 Be3 65. Kg6 Ke2 66.
Bxd4 Kf3 67. Kh5 Bf4 68. Bf6 Rb1 69. Bg5 Bg3 70. Rc4 Rb6 71. Rc3+ Kg2 72. Rc2+
Kf3 73. Rc3+ Kg2 74. Rc2+ Kf3 75. Rc3+ {Game drawn by repetition} 1/2-1/2

[Event "Team 45 45 League T48"]
[Site "Internet Chess Club"]
[Date "2011.02.13"]
[Round "1"]
[White "Fulvio"]
[Black "xakelari"]
[Result "0-1"]
[WhiteElo "2042"]
[BlackElo "2080"]
[Opening "QGD: Tarrasch, Prague variation, 9.Bg5"]
[ECO "D34"]
[Time "10:05:38"]
[TimeControl "2700+45"]

1. d4 d5 2. c4 e6 3. Nc3 c5 4. cxd5 exd5 5. Nf3 Nc6 6. g3 Nf6 7. Bg2 Be7 8. O-O
O-O 9. Bg5 cxd4 10. Nxd4 h6 11. Be3 Re8 12. Rc1 Bf8 13. Qb3 Na5 14. Qc2 Nc4 15.
Bf4 g5 16. Bc7 Qxc7 17. Nxd5 Nxd5 18. Bxd5 Bh3 19. Rfd1 Rad8 20. Bxc4 Bg7 21. e3
Qb6 22. Qb3 Qxb3 23. axb3 Re4 24. Nb5 Rxd1+ 25. Rxd1 a6 26. Bxf7+ Kf8 27. Bd5
Rb4 28. Nc3 Rb6 29. Bc4 Rc6 30. Bf1 Bg4 31. Rd3 b5 32. Bg2 Rc7 33. f4 b4 34. Ne4
Bxb2 35. fxg5 hxg5 36. Kf2 Rc2+ 37. Rd2 Rxd2+ 38. Nxd2 Bc3 39. Nc4 Bd1 40. Bb7
Bxb3 41. Bxa6 Bc2 42. Ke2 b3 43. Na3 Bb4 44. Nc4 Bc3 45. Nd2 b2 46. Bd3 Bxd3+
47. Kxd3 Bxd2 48. Kc2 Bxe3 49. h4 gxh4 50. gxh4 Bd4 {White resigns} 0-1

[Event "Team 45 45 League T48"]
[Site "Internet Chess Club"]
[Date "2011.02.12"]
[Round "1"]
[White "Constrictor"]
[Black "parpin"]
[Result "0-1"]
[WhiteElo "1653"]
[BlackElo "1764"]
[Opening "Santasiere's folly"]
[ECO "A06"]
[Time "12:06:35"]
[TimeControl "2700+45"]

1. Nf3 d5 2. b4 Nf6 3. Bb2 e6 4. b5 c6 5. e3 Bd7 6. a4 a6 7. bxa6 Nxa6 8. Be2
Bd6 9. O-O Qb6 10. Ba3 c5 11. d4 O-O 12. Nbd2 Bxa4 13. Rb1 Qc7 14. Bb5 Bxb5 15.
Rxb5 Qc6 16. Rb3 b5 17. dxc5 Nxc5 18. Nd4 Qc7 19. Bxc5 Bxc5 20. Nxb5 Qa5 21. Nf3
Rfb8 22. Nbd4 Qa2 23. Qd3 Ne4 24. Rfb1 Qxb1+ 25. Rxb1 Rxb1+ 26. Qf1 Rxf1+ 27.
Kxf1 Ra1+ 28. Ke2 Bxd4 29. Nxd4 Kf8 {White resigns} 0-1

[Event "Team 45 45 League T48"]
[Site "Internet Chess Club"]
[Date "2011.02.12"]
[Round "1"]
[White "Timotheous"]
[Black "JWB"]
[Result "1/2-1/2"]
[WhiteElo "1662"]
[BlackElo "1654"]
[Opening "English opening"]
[ECO "A05"]
[Time "15:00:46"]
[TimeControl "2700+45"]

1. Nf3 Nf6 2. c4 b6 3. g3 Bb7 4. Bg2 c5 5. O-O e6 6. b3 Be7 7. Bb2 O-O 8. d3 d5
9. cxd5 exd5 10. Nfd2 Qd7 11. d4 cxd4 12. Bxd4 Nc6 13. Bb2 Rac8 14. Nf3 Rfd8 15.
Nd4 Nxd4 16. Bxd4 Ne4 17. a3 Bf6 18. Ra2 Bxd4 19. Qxd4 Nc5 20. Rb2 Ne6 21. Qd3
d4 22. b4 Bxg2 23. Kxg2 Qc6+ 24. Kg1 Ng5 25. f3 g6 26. Rd1 Ne6 27. Rbd2 f5 28.
Qb3 Kg7 29. f4 b5 30. Rd3 Qc4 31. Nd2 Qc2 32. Kf2 Qxb3 33. Nxb3 Rc3 34. Rxc3
dxc3 35. Rxd8 Nxd8 36. Ke3 h6 37. Kd3 Kf6 38. Kxc3 g5 39. e3 Ke6 40. Nd4+ Kd5
41. Nxb5 a6 42. Nc7+ Ke4 43. Nxa6 Kxe3 44. Nc5 gxf4 45. gxf4 Kxf4 46. b5 Ke3 47.
Nd3 f4 48. a4 Nb7 49. b6 f3 50. h3 h5 51. h4 Ke4 52. Kd2 Kd4 53. Nf4 Kc5 54.
Nxh5 Kxb6 55. Ng3 Nd8 56. h5 Nf7 57. Nf5 Ka5 58. h6 Nxh6 59. Nxh6 Kxa4 {Game
drawn by mutual agreement} 1/2-1/2

[Event "Team 45 45 League T48"]
[Site "Internet Chess Club"]
[Date "2011.02.11"]
[Round "1"]
[White "BenjaminSisko"]
[Black "Zugzwanged"]
[Result "0-1"]
[WhiteElo "1446"]
[BlackElo "1568"]
[Opening "Petrov: Nimzovich attack"]
[ECO "C42"]
[Time "20:00:53"]
[TimeControl "2700+45"]

1. e4 e5 2. Nf3 Nf6 3. Nxe5 d6 4. Nf3 Nxe4 5. Nc3 Nxc3 6. dxc3 Be7 7. Be3 Nc6 8.
Qd2 Be6 9. Be2 O-O 10. O-O-O Bf6 11. h3 a5 12. g4 g6 13. Bh6 Re8 14. g5 Bh8 15.
Kb1 Qe7 16. h4 Bxa2+ 17. Kxa2 Qxe2 18. Rhe1 Qxf3 19. Rxe8+ Rxe8 20. Re1 Rxe1 21.
Qxe1 Qd5+ 22. b3 Qe5 23. Qxe5 Nxe5 24. b4 axb4 25. cxb4 Ng4 26. f3 Nxh6 27. gxh6
Bf6 28. Kb3 Bxh4 29. Kc4 Kf8 30. Kd5 Ke7 31. b5 Bg5 32. c4 Bxh6 {White resigns}
0-1

[Event "Team 45 45 League T48"]
[Site "Internet Chess Club"]
[Date "2011.02.13"]
[Round "1"]
[White "zigzag2002"]
[Black "peterdiplaros"]
[Result "1-0"]
[WhiteElo "1783"]
[BlackElo "1454"]
[Opening "Sicilian: Alapin's variation (2.c3)"]
[ECO "B22"]
[Time "17:00:06"]
[TimeControl "2700+45"]

1. e4 c5 2. c3 Nc6 3. d4 cxd4 4. cxd4 d6 5. Nf3 Bg4 6. Bb5 Qa5+ 7. Nc3 a6 8.
Bxc6+ bxc6 9. h3 Bh5 10. O-O Nf6 11. Re1 g5 12. g4 Nxg4 13. hxg4 Bxg4 14. Qd3 f6
15. Nh2 Bh5 16. Bd2 g4 17. Rac1 Rg8 18. Bf4 e5 19. dxe5 fxe5 20. Qc4 exf4 21.
Qe6+ Kd8 22. Qxg8 Kc7 23. Nd5+ Kb7 24. Qxh7+ {Black resigns} 1-0

[Event "Team 45 45 League T48"]
[Site "Internet Chess Club"]
[Date "2011.02.14"]
[Round "1"]
[White "toukon"]
[Black "TICC"]
[Result "1-0"]
[WhiteElo "1663"]
[BlackElo "1411"]
[Opening "Grünfeld with Bf4 & e3"]
[ECO "D93"]
[Time "21:01:53"]
[TimeControl "2700+45"]

1. d4 Nf6 2. c4 g6 3. Nc3 d5 4. Bf4 Bg7 5. e3 O-O 6. Nf3 c6 7. Be2 Nbd7 8. O-O
Qb6 9. Rb1 c5 10. Na4 Qc6 11. dxc5 dxc4 12. Bxc4 Nxc5 13. Nd4 Qe8 14. Nxc5 e5
15. Bg5 exd4 16. exd4 Qc6 17. Rc1 Ne4 18. Nxe4 Qxe4 19. Be3 Rd8 20. Qb3 Be6 21.
Bxe6 fxe6 22. Rfe1 Qd5 23. Qb4 Qxa2 24. Qxb7 Rab8 25. Qe7 Re8 26. Qc7 Qxb2 27.
Qxa7 Ra8 28. Qd7 Rad8 29. Qc7 Bxd4 30. Bxd4 Qxd4 31. h3 Ra8 32. Rcd1 Rac8 33.
Qxc8 {Black resigns} 1-0

[Event "Team 45 45 League T48"]
[Site "Internet Chess Club"]
[Date "2011.02.12"]
[Round "1"]
[White "chess-fan"]
[Black "trickey1872"]
[Result "0-1"]
[WhiteElo "1364"]
[BlackElo "1605"]
[Opening "Scandinavian defense"]
[ECO "B01"]
[Time "23:29:43"]
[TimeControl "2700+45"]

1. e4 d5 2. exd5 Nf6 3. d4 Bg4 4. f3 Bf5 5. Nc3 Nxd5 6. Nge2 e6 7. Nxd5 exd5 8.
Nc3 Nc6 9. Bb5 Qe7+ 10. Qe2 O-O-O 11. Be3 Nb4 12. O-O-O Bxc2 13. Rde1 c6 14. Bd3
Bxd3 15. Qd2 Bf5 16. Bg5 Nd3+ 17. Kd1 Nxb2+ 18. Kc1 Nd3+ 19. Kd1 Nf2+ 20. Kc1
Qa3+ 21. Qb2 Nd3+ 22. Kd1 Qxb2 23. Bxd8 Nf2# {White checkmated} 0-1

[Event "Team 45 45 League T48"]
[Site "Internet Chess Club"]
[Date "2011.02.12"]
[Round "1"]
[White "BaumDeezy"]
[Black "kid6988"]
[Result "0-1"]
[WhiteElo "1464"]
[BlackElo "1544"]
[Opening "English opening"]
[ECO "A20"]
[Time "15:01:12"]
[TimeControl "2700+45"]

1. c4 e5 2. g3 Nc6 3. Bg2 Nf6 4. Nc3 Bc5 5. a3 d6 6. e3 Be6 7. Nge2 Bxc4 8. d3
Be6 9. d4 exd4 10. exd4 Bxd4 11. Nxd4 Nxd4 12. Qxd4 c6 13. O-O O-O 14. Bg5 d5
15. Bxf6 Qxf6 16. Qxf6 gxf6 17. Rad1 Rfe8 18. Rfe1 Bf5 19. b4 Re6 20. f4 Rae8
21. Kf2 Rxe1 22. Rxe1 Rxe1 23. Kxe1 Kf8 24. Kd2 Ke7 25. Ke3 Kd6 26. Kd4 b6 27.
Ne2 c5+ 28. bxc5+ bxc5+ 29. Kc3 d4+ 30. Nxd4 cxd4+ 31. Kxd4 Be6 32. h3 f5 33.
Bf3 f6 34. g4 fxg4 35. hxg4 h6 36. f5 Bf7 37. Be4 a5 38. Bf3 Bb3 39. Kc3 Bd5 40.
Bxd5 Kxd5 41. Kb3 Ke4 42. Ka4 Kf4 43. Kxa5 Kxg4 44. Kb6 h5 45. a4 h4 46. a5 h3
{White resigns} 0-1